 Dungeon Crawl Stone Soup version 0.30-a0-1164-ge08a67761e (webtiles) character file.

Game seed: 7601732157888841721

2395420 cforsyth the Planerender (level 27, 246/246 HPs)
             Began as a Demigod Summoner on Apr 29, 2023.
             Escaped with the Orb
             ... and 5 runes on Apr 30, 2023!
             The game lasted 04:45:11 (111468 turns).

cforsyth the Planerender (Demigod Summoner)       Turns: 111468, Time: 04:45:11

Health: 246/246    AC: 35    Str: 23    XL:     27
Magic:  62/62      EV: 19    Int: 45    God:
Gold:   7729       SH: 32    Dex: 16    Spells: 15/66 levels left

rFire   + + +        C - staff of fire "Kism" {rF+ rN++ MP+9 Dex+6}
rCold   + . .        X - +10 tower shield of Ignorance {rN+ Int-4}
rNeg    + + +        c - +5 chain mail "Favofod" {Rampage rElec Str+4}
rPois   .            k - +2 helmet of Serendipity {rN+ Str+8 Slay-5}
rElec   +            y - +2 cloak {Will+}
rCorr   .            s - +1 pair of gloves "Xowk" {rF+ rC+ rN+}
SInv    .            u - +2 pair of boots
Will    +++..        O - amulet "Buath" {RegenMP Regen+ Slay+3} Stlth
                     t - +4 ring of protection
HPRegen 1.41/turn    x - ring of Badaodyoff {Fly rElec rF++ Dex-4 Slay+4}
MPRegen 0.78/turn

%: rampage
@: on dragon call cooldown, flying, hasted, studying Summonings, very quick
A: high MP 1, forlorn, divine attributes, iridescent scales 1, screaming 1, weak
1
0: Orb of Zot
}: 5/15 runes: decaying, serpentine, slimy, silver, abyssal
a: no special abilities


You escaped.
You visited 11 branches of the dungeon, and saw 55 of its levels.
You visited the Abyss 10 times.
You also visited: Trove, Sewer, Bailey, Gauntlet, Ice Cave and Wizlab.

You collected 11156 gold pieces.
You spent 3427 gold pieces at shops.

Inventory:

Armour
 c - the +5 chain mail "Favofod" (worn) {Rampage rElec Str+4}
   (You found it on level 5 of the Vaults)

   Str:       It affects your strength (+4).
   rElec:     It insulates you from electricity.
   Rampage:   It bestows one free step when moving towards enemies.
 k - the +2 helmet of Serendipity (worn) {rN+ Str+8 Slay-5}
   (You acquired it on level 13 of the Dungeon)

   Str:       It affects your strength (+8).
   Slay:      It affects your accuracy & damage with ranged weapons and melee
   (-5).
   rN:        It protects you from negative energy.
 r - the +4 dragonskin cloak
   (You took it off Tiamat on level 1 of the Realm of Zot)

   Avatar's Aegis: It grants the wearer a chance to resist fire, cold, poison,
   electricity, acid, and negative energy.
 s - the +1 pair of gloves "Xowk" (worn) {rF+ rC+ rN+}
   (You took it off Nikola on level 3 of the Swamp)

   rF:        It protects you from fire.
   rC:        It protects you from cold.
   rN:        It protects you from negative energy.
 u - a +2 pair of boots (worn)
 y - a +2 cloak of willpower (worn)
 R - a +2 kite shield of cold resistance
 X - the +10 tower shield of Ignorance (worn) {rN+ Int-4}
   (You found it on level 4 of the Dungeon)

   Int:       It affects your intelligence (-4).
   rN:        It protects you from negative energy.
Magical Staves
 C - the staff of fire "Kism" (weapon) {rF+ rN++ MP+9 Dex+6}
   (You found it on level 5 of the Vaults)

   [staff of fire]

   Base accuracy: +5 Base damage: 5 Base attack delay: 1.2 This weapon's minimum
   attack delay (0.6) is reached at skill level 12.
   Dex:       It affects your dexterity (+6).
   rF:        It protects you from fire.
   rN:        It greatly protects you from negative energy.
   MP:        It affects your magic capacity (+9).
   It falls into the 'Staves' category.
   It is a one-handed weapon.
Jewellery
 b - the ring of Gecya {rF+ Str+3 Int+6}
   (You took it off a deep elf sorcerer on level 5 of the Vaults)

   [ring of intelligence]

   Str:       It affects your strength (+3).
   Int:       It affects your intelligence (+6).
   rF:        It protects you from fire.
 g - the ring "Qauledul" {rCorr SInv}
   (You found it in a treasure trove)

   [ring of resist corrosion]

   SInv:      It lets you see invisible.
   rCorr:     It protects you from acid and corrosion.
 n - the ring of Dawn {rN+ Str-3 Dex+6 Slay+2}
   (You found it in a treasure trove)

   [ring of dexterity]

   Str:       It affects your strength (-3).
   Dex:       It affects your dexterity (+6).
   Slay:      It affects your accuracy & damage with ranged weapons and melee
   (+2).
   rN:        It protects you from negative energy.
 t - a +4 ring of protection (left hand)
 x - the ring of Badaodyoff (right hand) {Fly rElec rF++ Dex-4 Slay+4}
   (You found it on level 5 of the Pits of Slime)

   [ring of slaying]

   Dex:       It affects your dexterity (-4).
   Slay:      It affects your accuracy & damage with ranged weapons and melee
   (+4).
   rF:        It greatly protects you from fire.
   rElec:     It insulates you from electricity.
   Fly:       It grants you flight.
 z - a ring of flight
 N - the ring "Edisuh" {rPois Will+}
   (You found it in a treasure trove)

   [ring of poison resistance]

   rPois:     It protects you from poison.
   Will:      It increases your willpower.
 O - the amulet "Buath" (around neck) {RegenMP Regen+ Slay+3}
   (You took it off a deep elf high priest on level 3 of the Elven Halls)

   [amulet of magic regeneration]

   It increases your rate of magic regeneration.
   Slay:      It affects your accuracy & damage with ranged weapons and melee
   (+3).
   Regen:     It increases your rate of health regeneration.
 P - the amulet "Vaweodel" {Reflect rC+ Will+ rCorr SH+5}
   (You took it off a deep elf demonologist on level 3 of the Elven Halls)

   [amulet of reflection]

   It reflects blocked missile attacks.
   rC:        It protects you from cold.
   rCorr:     It protects you from acid and corrosion.
   SH:        It affects your SH (+5).
   Will:      It increases your willpower.
Wands
 w - a wand of mindburst (54)
 D - a wand of acid (27)
 H - a wand of polymorph (10)
 I - a wand of digging (36)
 K - a wand of iceblast (57)
Scrolls
 a - 5 scrolls of blinking
 e - 8 scrolls of magic mapping
 h - 8 scrolls of fear
 m - 9 scrolls of poison
 o - 13 scrolls of fog
 q - 27 scrolls of teleportation
 F - 16 scrolls of vulnerability
 J - 9 scrolls of enchant armour
 L - 7 scrolls of immolation
 M - 5 scrolls of enchant weapon
 Q - 9 scrolls of amnesia
 T - 4 scrolls of summoning
 U - 8 scrolls of torment
 Z - 7 scrolls of silence
Potions
 d - 4 potions of attraction
 f - 9 potions of brilliance
 i - 20 potions of cancellation
 j - 23 potions of curing
 l - 8 potions of might
 p - 9 potions of heal wounds
 v - 4 potions of magic
 A - 12 potions of berserk rage
 B - 6 potions of invisibility
 E - 9 potions of haste
 G - 10 potions of mutation
 S - 15 potions of flight
 V - 7 potions of lignification
 W - 6 potions of resistance
 Y - 4 potions of ambrosia


   Skills:
 + Level 20.2 Fighting
 - Level 10.0 Armour
 + Level 23.0 Dodging
 - Level 1.7 Stealth
 + Level 21.3 Shields
 - Level 20.0 Spellcasting
 - Level 4.0 Hexes
 O Level 27 Summonings
 - Level 4.0 Translocations


You had 15 spell levels left.
You knew the following spells:

 Your Spells              Type           Power      Damage    Failure   Level
a - Dragon's Call         Summ           68%        N/A       4%          9
b - Call Imp              Summ           100%       N/A       0%          2
c - Call Canine Familiar  Summ           100%       N/A       0%          3
d - Summon Guardian Gole  Hex/Summ       100%       N/A       0%          3
e - Summon Lightning Spi  Summ/Air       100%       N/A       1%          4
f - Summon Forest         Summ/Tloc      55%        N/A       1%          5
g - Summon Cactus Giant   Summ           68%        N/A       0%          6
h - Summon Mana Viper     Hex/Summ       100%       N/A       1%          5
i - Summon Hydra          Summ           68%        N/A       1%          7
j - Malign Gateway        Summ/Tloc      55%        N/A       4%          7

Your spell library contained the following spells:

 Spells                   Type           Power      Damage    Failure   Level
 Summon Small Mammal      Summ           100%       N/A       0%          1
 Apportation              Tloc           100%       N/A       1%          1
 Blink                    Tloc           100%       N/A       1%          2
 Ensorcelled Hibernation  Hex/Ice        100%       N/A       1%          2
 Lesser Beckoning         Tloc           100%       N/A       1%          2
 Momentum Strike          Conj/Tloc      100%       3d10      1%          2
 Portal Projectile        Hex/Tloc       100%       N/A       1%          3
 Teleport Other           Tloc           69%        N/A       1%          3
 Tukima's Dance           Hex            69%        N/A       1%          3
 Animate Armour           Summ/Erth      100%       N/A       1%          4
 Summon Ice Beast         Ice/Summ       100%       N/A       1%          4
 Monstrous Menagerie      Summ           68%        N/A       1%          7
 Foxfire                  Conj/Fire      100%       2x1d9     3%          1
 Freeze                   Ice            100%       1d10      3%          1
 Necrotise                Necr           100%       1d9       3%          1
 Sandblast                Erth           90%        2d19      3%          1
 Sting                    Tmut/Pois      100%       1d8       3%          1
 Cigotuvi's Dreadful Rot  Necr/Pois/Air  90%        N/A       4%          2
 Passwall                 Tmut/Erth      37%        N/A       4%          2
 Poisonous Vapours        Pois/Air       90%        N/A       4%          2
 Scorch                   Fire           100%       2d9       4%          2
 Static Discharge         Conj/Air       90%        2-6/arc   4%          2
 Sublimation of Blood     Necr           45%        N/A       4%          2
 Wereblood                Tmut           45%        N/A       4%          2
 Dazzling Flash           Conj/Hex       100%       N/A       4%          3
 Inner Flame              Hex/Fire       76%        N/A       4%          3
 Cause Fear               Hex            34%        N/A       6%          4
 Manifold Assault         Tloc           69%        N/A       6%          4
 Passage of Golubria      Tloc           69%        N/A       6%          4
 Frozen Ramparts          Ice            90%        1d14      10%         3
 Hailstorm                Conj/Ice       45%        3d10      10%         3
 Ignite Poison            Fire/Tmut/Pois 61%        N/A       10%         3
 Mephitic Cloud           Conj/Pois/Air  45%        N/A       10%         3
 Ozocubu's Armour         Ice            45%        N/A       10%         3
 Swiftness                Air            45%        N/A       10%         3
 Vampiric Draining        Necr           45%        2d9       10%         3
 Haunt                    Necr/Summ      52%        N/A       11%         7
 Spellforged Servitor     Conj/Summ      52%        N/A       11%         7
 Fulminant Prism          Conj/Hex       29%        3d14      14%         4
 Leda's Liquefaction      Hex/Erth       29%        N/A       14%         4
 Airstrike                Air            22%        2d(4-20)  30%         4
 Animate Dead             Necr           45%        N/A       30%         4
 Dispel Undead            Necr           45%        3d17      30%         4
 Flame Wave               Conj/Fire      61%        2d14      30%         4
 Ice Form                 Ice/Tmut       45%        N/A       30%         4
 Olgreb's Toxic Radiance  Pois           45%        N/A       30%         4
 Petrify                  Tmut/Erth      45%        N/A       30%         4
 Sticky Flame             Conj/Fire      61%        2d8       30%         4
 Metabolic Englaciation   Hex/Ice        29%        N/A       36%         5
 Silence                  Hex/Air        29%        N/A       36%         5
 Yara's Violent Unravell  Hex/Tmut       29%        3d12      36%         5
 Agony                    Necr           45%        N/A       65%         5
 Alistair's Intoxication  Tmut/Pois      30%        N/A       65%         5
 Blade Hands              Tmut           22%        N/A       65%         5
 Borgnjor's Vile Clutch   Necr/Erth      22%        N/A       65%         5
 Fireball                 Conj/Fire      30%        3d13      65%         5
 Freezing Cloud           Conj/Ice/Air   22%        6-21      65%         5
 Irradiate                Conj/Tmut      22%        3d19      65%         5
 Iskenderun's Battlesphe  Conj           45%        2d10      65%         5
 Lee's Rapid Deconstruct  Erth           22%        3d13*     65%         5
 Dispersal                Tloc           34%        N/A       67%         6
 Conjure Ball Lightning   Conj/Air       22%        3x3d6     99%         6
 Death Channel            Necr           22%        N/A       99%         6
 Plasma Beam              Fire/Air       30%        2x1d47    99%         6
 Simulacrum               Ice/Necr       22%        N/A       99%         6
 Starburst                Conj/Fire      30%        6d9       99%         6
 Statue Form              Tmut/Erth      30%        N/A       99%         6
 Enfeeble                 Hex            34%        N/A       99%         7
 Dragon Form              Tmut           22%        N/A       100%        7
 Orb of Destruction       Conj           22%        9d8       100%        7
 Storm Form               Tmut/Air       22%        N/A       100%        7
 Discord                  Hex            34%        N/A       100%        8
 Disjunction              Tloc           34%        N/A       100%        8
 Ignition                 Fire           30%        3d10      100%        8
 Infestation              Necr           22%        N/A       100%        8
 Lehudib's Crystal Spear  Conj/Erth      22%        10d6      100%        8
 Maxwell's Capacitive Co  Air            22%        ∞         100%        8


Dungeon Overview and Level Annotations

Branches:
Dungeon (15/15)            Temple (0/1) D:5            Lair (5/5) D:10
  Swamp (4/4) Lair:3        Snake (4/4) Lair:3        Slime (5/5) Lair:5
    Orc (2/2) D:12            Elf (3/3) Orc:2        Vaults (5/5) D:14
  Crypt (3/3) Vaults:3       Tomb (0/3) Crypt:3      Depths (4/4) D:15
    Zot (5/5) Depths:4      Sewer (visited)          Bailey (visited)
  IceCv (visited)          WizLab (visited)         Gauntlet (visited)

Shops:
D:8 !   D:10 :   D:12 ((   Orc:1 :   Orc:2 (([?   Elf:2 =   Elf:3 :=:(
Snake:1 [=   Snake:3 :   Vaults:4 :   Vaults:5 ?

Portals:
Hell: Depths:1 Depths:2 Depths:3 Depths:4
Abyss: Depths:1 Depths:2 Depths:3
Pandemonium: Depths:2 Depths:4
Ziggurat: Depths:4


Innate Abilities, Weirdness & Mutations

You have an increased reservoir of magic. (+10% MP)
You shall have no god before yourself.
Your divine heritage dramatically boosts your attributes as you level up.
You are partially covered in iridescent scales. (AC +2)
You occasionally shout uncontrollably at your foes.
You are weak. (Str -2)


Message History

You fly upwards.
Your summoned allies are left behind.
There is a stone staircase leading down here.
(D) Dungeon (T) Temple (L) Lair (S) Swamp (P) Snake Pit (M) Slime Pits (O) Orcish Mines (E) Elven Halls (V) Vaults (C) Crypt (W) Tomb (U) Depths (H) Hell (Z) Zot
Where to? (Enter - D:3, ? - help)
You see here a +0 short sword.
An efreet comes into view.
It is wielding a +4 scimitar of flaming.
You yell at the efreet!
A dragon arrives to answer your call! x2
Your quicksilver dragon bites the efreet but does no damage.
Your quicksilver dragon completely misses the efreet.
Your quicksilver dragon bites the efreet!
Your quicksilver dragon claws the efreet but does no damage.
Your quicksilver dragon barely misses the efreet.
Your quicksilver dragon completely misses the efreet.
Your quicksilver dragon bites the efreet!
Your quicksilver dragon claws the efreet.
The efreet hits your quicksilver dragon with a +4 scimitar of flaming!
The efreet burns your quicksilver dragon.
Your quicksilver dragon bites the efreet!
Your quicksilver dragon claws the efreet!
Your quicksilver dragon completely misses the efreet.
Your quicksilver dragon claws the efreet!
The efreet dies!
There is a stone staircase leading up here.
You fly upwards.
There is a stone staircase leading down here.
There is a stone staircase leading up here.
You fly upwards.
There is a stone staircase leading down here.
You feel yourself speed up.
Aiming: Dig
Press: ? - help, Shift-Dir - straight line This square is covered in magical glow.
The rock shatters into small pieces.
The roar of the dragon horde subsides.
There is a staircase leading out of the dungeon here.
You can't go down here!
You have escaped!

#.....#### #..# ###(...##.#
#.....#..### ##.## ###...##.#
#..........####...####.....##.#
#.....#......#..~..#.....#.##.#
#.#.####...~....~....~..8#.##.#
#.#.# ##...~..~~~..~...##.##.#
#.### ##.....~~~~~~~.....#.##.#
#.#####....~~~~...~~~~.....##.###
......#..~~~~~..@(.~~~~~...##....
#.###.#....~~~~...~~~~.....######
#...#.##.....~~~~~~~.....#.#
###.#.###...~..~~~..~...##(###
.)..#.##8..~....~....~..8#...##
.####.##.....#..~..#.....###..##
......#....####...####....###..##
.######..### ##.## ####..####...
.# #### #.####......# ###.


There were no monsters in sight!

Vanquished Creatures
  A vault warden (Vaults:2)
  2 deep elf annihilators (Elf:3)
  A great orb of eyes (Vaults:1)
  A yaktaur captain (Vaults:2)
  A centaur warrior (Vaults:3)
  A dancing weapon (Elf:2)
  An alligator (Swamp:2)
  A naga sharpshooter (Snake:2)
  A soul eater (WizLab)
  A wretched star (Abyss:3)
  A deep troll (Vaults:3)
  2 ironbound convokers (Vaults:3)
  7 yaktaurs
  2 nameless horrors
  A shadow (D:13)
  A spriggan (Lair:2)
  A yak (Lair:5)
  A hog (D:13)
  A vampire mosquito (D:11)
  A water moccasin (Sewer)
  A two-headed ogre simulacrum (IceCv)
  An orc wizard (Orc:2)
  A white imp (IceCv)
  An endoplasm (D:2)
  2 giant cockroaches (D:2)
  2 goblins
  2 hobgoblins
  5 bats
  7 kobolds
  A rat (D:1)
  A briar patch (Swamp:4)
53 creatures vanquished.

Vanquished Creatures (collateral kills)
  the Royal Jelly (Slime:5)
  5 ancient liches
  3 dread liches
  Khufu (Crypt:2)
  6 orbs of fire (Zot:5)
  Tiamat (Zot:1)
  2 royal mummies (Crypt:2)
  3 Killer Klowns
  Vv (Crypt:2)
  Bai Suzhen (Snake:4)
  A curse toe (Zot:3)
  9 golden dragons
  the Enchantress (Depths:3)
  The ghost of Dedet the Slayer, a veteran GrRe of Okawaru (Depths:1)
  A profane servitor (Abyss:5)
  Hellbinder (WizLab)
  The ghost of Waukhla the Imperceptible, a veteran KoBr of Wu Jian (Crypt:2)
  Nikola (Swamp:3)
  8 bone dragons
  2 electric golems (Zot:5)
  2 Brimstone Fiends
  4 doom hounds (Crypt:1)
  A hellephant (Abyss:4)
  9 liches
  A Hell Sentinel (Abyss:1)
  Grunn (Crypt:1)
  Mlioglotl (Swamp:3)
  27 Orb Guardians
  20 tentacled monstrosities
  2 deep elf blademasters (Elf:3)
  2 deep elf master archers (Elf:3)
  A walking earthen tome (Depths:3)
  Zenata (Elf:3)
  5 titans
  3 Executioners
  6 quicksilver dragons
  6 death cobs
  23 acid blobs
  19 tentacled starspawn
  Agnes (D:14)
  An eldritch tentacle (Zot:5)
  3 thorn hunters (Swamp:4)
  9 sphinxes
  8 shadow dragons
  8 ancient champions
  Kirke (D:13)
  10 tengu reavers
  13 storm dragons
  3 draconian monks
  Donald (Swamp:3)
  5 nagarajas
  5 revenants
  A storm dragon (shapeshifter) (Depths:1)
  11 rockslimes
  15 azure jellies
  4 fire giants
  17 frost giants
  22 vault wardens
  7 iron dragons
  2 draconian scorchers (Zot:1)
  3 balrugs
  2 draconian knights (Zot:1)
  Aizul (Snake:1)
  3 ghost moths
  10 deep elf sorcerers
  A spectral caustic shrike (Crypt:1)
  2 draconian stormcallers (Zot:2)
  4 orc warlords
  2 curse skulls (Crypt:2)
  5 deep elf elementalists (Elf:3)
  3 spriggan defenders (Depths:3)
  10 ghouls
  The ghost of grumposus the Unseen, an adept KoAr of Hepliaklqana (D:14)
  8 draconian shifters
  4 draconian annihilators
  6 cacodemons
  30 ironbound preservers
  A demonspawn blood saint (WizLab)
  2 reapers
  A caustic shrike skeleton (Crypt:3)
  20 very ugly things
  6 ironbound thunderhulks
  2 war gargoyles
  14 stone giants
  13 quicksilver oozes
  11 green draconians
  6 black draconians
  4 eleionomae
  A putrid mouth (Crypt:1)
  7 deep elf demonologists
  3 bunyips
  7 vampire knights
  A lorocyproca (Abyss:3)
  9 white draconians
  5 red draconians
  5 yellow draconians
  3 dire elephants
  8 purple draconians
  A spark wasp (Depths:3)
  A minotaur (Gauntlet)
  Azrael (Snake:3)
  8 deep elf annihilators (Elf:3)
  4 green deaths
  7 eidola
  4 blizzard demons
  2 crystal guardians (Vaults:2)
  10 jiangshi
  3 ettins
  13 deep elf death magi
  14 fire dragons
  A merfolk impaler (Abyss:5)
  15 yaktaur captains
  An entropy weaver (Vaults:3)
  A spectral fenstrider witch (Crypt:1)
  A spectral spriggan (Crypt:1)
  23 great orbs of eyes
  3 deep elf high priests
  A quicksilver dragon skeleton (Abyss:3)
  7 ice dragons
  2 spriggan skeletons (Crypt:3)
  A peacekeeper (Vaults:2)
  22 hydras
  3 spriggan air magi
  10 rakshasas
  2 salamander tyrants
  A great orb of eyes (shapeshifter) (Depths:2)
  4 hell beasts
  The ghost of Rudyous the Destroyer, a journeyman DsFE of Gozag (D:11)
  35 vault guards
  5 boulder beetles
  3 ogre magi
  7 catoblepae
  6 anacondas
  An Orb Guardian skeleton (Crypt:3)
  4 death knights
  A ghost crab (Swamp:3)
  12 centaur warriors
  4 two-headed ogres
  24 dancing weapons
  9 ironbound frosthearts
  A two-headed ogre (shapeshifter) (Depths:3)
  8 deep troll earth magi
  24 death yaks
  A spectral human (Crypt:1)
  13 alligators
  7 hell hogs (Abyss:3)
  14 naga warriors
  11 vampire magi
  10 tengu warriors
  13 deep troll shamans
  3 orc high priests
  17 naga sharpshooters
  5 shock serpents
  Urug (D:10)
  38 thrashing horrors
  6 spriggan berserkers
  A hell knight (Abyss:3)
  11 deep elf knights
  5 salamander mystics
  65 skeletal warriors
  4 soul eaters
  16 wretched stars
  4 skysharks
  15 iron trolls
  2 sun demons
  6 shadow wraiths
  A storm dragon zombie (Crypt:1)
  A titan skeleton (Crypt:3)
  6 sixfirhies
  A bunyip zombie (Crypt:3)
  13 flayed ghosts
  2 goliath frogs
  A fire crab (shapeshifter) (Elf:2)
  7 spriggan druids
  16 nameless horrors
  A golden dragon zombie (Crypt:1)
  A storm dragon skeleton (Crypt:3)
  An iron giant zombie (Abyss:1)
  67 deep trolls
  A shadow demon (D:13)
  5 sea snakes (Snake:4)
  6 deep elf archers
  8 swamp dragons
  9 bog bodies
  A sphinx zombie (Crypt:3)
  11 glowing orange brains
  2 bunyip skeletons
  10 wizards
  4 naga ritualists
  8 harpies
  11 phantasmal warriors
  25 deep elf zephyrmancers
  5 lindwurms
  8 orc knights
  27 deep elf pyromancers
  14 necromancers
  2 shining eyes
  9 orc sorcerers
  2 anaconda skeletons (Crypt:1)
  26 ironbound convokers
  35 ugly things
  A wolf spider (shapeshifter) (Depths:1)
  3 mana vipers (Snake:2)
  4 cyclopes
  A spectral merfolk (Crypt:1)
  4 worldbinders
  3 will-o-the-wisps
  2 fire giant zombies
  A stone giant zombie (Crypt:1)
  11 manticores
  A jorogumo skeleton (Crypt:3)
  18 salamanders
  2 black mambas (shapeshifter)
  18 smoke demons
  A spectral alligator snapping turtle (Crypt:1)
  4 demonic crawlers
  28 black mambas
  32 moths of wrath
  An elephant (shapeshifter) (Depths:1)
  4 guardian serpents
  9 rust devils
  A spectral centaur (Crypt:1)
  An ice statue (IceCv)
  20 naga magi
  3 centaur zombies
  3 torpor snails
  An eleionoma skeleton (Crypt:3)
  7 orange demons
  4 apocalypse crabs
  4 stone giant skeletons (Crypt:3)
  A titan simulacrum (Abyss:3)
  An eye of devastation (Slime:3)
  19 vault sentinels
  A gargoyle (D:11)
  Maggie (Lair:1)
  11 cane toads
  A minotaur zombie (Gauntlet)
  8 centaur skeletons
  5 unseen horrors
  A black draconian zombie (Crypt:2)
  A grey draconian zombie (Crypt:3)
  37 yaktaurs
  A yaktaur zombie (Vaults:5)
  3 hellions
  An unseen horror (shapeshifter) (Vaults:4)
  4 tengu conjurers (Depths:3)
  5 efreet
  3 tormentors
  4 spectral harpies (Crypt:1)
  A spectral naga (Crypt:1)
  7 komodo dragons
  A human skeleton (Vaults:5)
  2 rime drakes
  8 freezing wraiths
  A yaktaur (shapeshifter) (Depths:1)
  2 ice devils
  6 hellwings
  8 trolls
  A meliai (shapeshifter) (D:14)
  A yellow draconian skeleton (Crypt:2)
  12 ancient zymes
  3 red devils (WizLab)
  3 polar bears
  A bloated husk (Swamp:1)
  A harpy zombie (Abyss:1)
  20 hornets
  A troll (shapeshifter) (Abyss:2)
  A tyrant leech (shapeshifter) (Vaults:5)
  A polar bear (shapeshifter) (Elf:3)
  11 blink frogs
  10 tyrant leeches
  A tarantella (shapeshifter) (Vaults:5)
  4 harpy skeletons (Crypt:3)
  Grinder (D:4)
  41 raiju
  An ettin zombie (Abyss:2)
  35 large abominations
  7 dream sheep (Lair:1)
  A jumping spider (shapeshifter) (D:13)
  2 slime creatures (shapeshifter) (Vaults:5)
  20 flying skulls
  142 slime creatures
  A spriggan (shapeshifter) (Depths:1)
  Sigmund (D:2)
  An air elemental (Elf:3)
  2 centaur simulacra
  An ettin skeleton (Crypt:1)
  9 shadows
  4 water elementals
  7 wyverns
  6 wraiths
  2 vampires
  17 ynoxinuls
  7 fire elementals
  5 hogs
  27 spriggans
  A dire elephant simulacrum (Crypt:1)
  32 yaks
  A hog (shapeshifter) (Depths:1)
  3 basilisks
  6 fire bats
  59 starcursed masses
  6 golden eyes
  A redback (shapeshifter) (Depths:1)
  8 chaos spawn
  2 wargs (D:12)
  10 neqoxecs
  9 vampire mosquitoes
  2 harpy simulacra (IceCv)
  A skyshark zombie (Crypt:3)
  12 swamp worms
  An acid dragon (D:14)
  17 water moccasins
  55 nagas
  9 hell hounds
  Duvessa (D:7)
  2 naga skeletons
  A floating eye (shapeshifter) (Depths:1)
  A deep troll skeleton (Crypt:2)
  Pargi (D:4)
  5 black bears
  An ice beast (shapeshifter) (Depths:1)
  A cane toad skeleton (Crypt:2)
  A meliai simulacrum (D:11)
  A black bear (shapeshifter) (D:15)
  4 sky beasts
  41 orc warriors
  9 swamp drakes
  7 ice beasts
  An ettin simulacrum (Abyss:5)
  6 boggarts (Vaults:2)
  14 wolves
  An ogre (shapeshifter) (Elf:2)
  12 ogres
  3 centaurs
  A dream sheep skeleton (Crypt:1)
  A lemure (D:4)
  A kobold brigand (D:8)
  11 bullfrogs
  3 necrophages
  A draconian skeleton (Crypt:2)
  A salamander zombie (Crypt:2)
  2 two-headed ogre simulacra (IceCv)
  A cane toad simulacrum (IceCv)
  6 earth elementals
  A gnoll sergeant (D:9)
  A komodo dragon skeleton (Crypt:1)
  40 small abominations
  4 scorpions
  Dowan (D:7)
  17 wights
  An elephant simulacrum (IceCv)
  A wyvern skeleton (Crypt:1)
  A human simulacrum (Vaults:5)
  14 killer bees
  2 electric eels (Lair:3)
  A raiju skeleton (Crypt:1)
  A howler monkey (D:6)
  2 vampire bats (D:15)
  3 crimson imps
  5 quasits
  4 jellies
  A gnoll bouda (D:5)
  A hound (D:6)
  A spectral boggart (D:12)
  19 orc priests
  2 iron imps
  3 sleepcaps
  Jessica (D:2)
  5 iguanas
  20 orc wizards
  Ijyb (D:3)
  Natasha (thrice) (D:2)
  5 spriggan simulacra (IceCv)
  A troll simulacrum (IceCv)
  2 hell rats (D:15)
  2 polar bear simulacra (IceCv)
  An acid dragon zombie (Crypt:2)
  An acid dragon skeleton (Crypt:1)
  A tengu skeleton (Crypt:2)
  A boggart simulacrum (D:11)
  A mummy (Crypt:2)
  12 gnolls
  6 adders
  3 naga simulacra (IceCv)
  13 river rats
  7 white imps
  15 ufetubi
  A lava snake skeleton (Crypt:1)
  102 orcs
  7 ball pythons
  8 endoplasms
  6 giant cockroaches
  19 goblins
  12 hobgoblins
  7 jackals
  2 quokkas
  12 bats
  11 frilled lizards
  A frilled lizard zombie (Crypt:2)
  A gnoll skeleton (Crypt:1)
  A jackal skeleton (Crypt:1)
  10 kobolds
  A quokka zombie (Crypt:3)
  23 rats
  7 briar patches (Swamp:4)
  2 bushes
  A snaplasher vine (Crypt:1)
  A spectral weapon (Swamp:4)
  12 starspawn tentacles
3078 creatures vanquished.

Vanquished Creatures (others)
  A dread lich (Abyss:3)
  A lich (Crypt:3)
  A quicksilver dragon (Zot:5)
  9 eldritch tentacles
  An ironbound preserver (Vaults:5)
  A hydra (Swamp:4)
  2 two-headed ogres (D:10)
  A nameless horror (Depths:1)
  A naga sharpshooter (Snake:2)
  3 spriggans
  An ugly thing (D:14)
  Pikel (D:4)
  A deep elf zephyrmancer (Elf:2)
  A mana viper (Snake:1)
  A centaur zombie (D:11)
  Maurice (D:8)
  2 large abominations
  A slime creature (D:12)
  3 cane toads
  An unseen horror (D:13)
  3 yaktaurs
  An anaconda simulacrum (IceCv)
  An ancient zyme (Abyss:3)
  An ice devil (IceCv)
  3 trolls
  4 bloated husks
  A hornet (Swamp:2)
  A wyvern (D:9)
  A fire bat (Abyss:3)
  8 yaks
  A golden eye (Abyss:5)
  A human (D:14)
  A chaos spawn (Abyss:3)
  A neqoxec (Abyss:2)
  3 death yak simulacra (IceCv)
  A harpy simulacrum (IceCv)
  A swamp worm (Swamp:3)
  2 hydra simulacra (IceCv)
  7 orc warriors
  2 wolves (Lair:2)
  A centaur (D:5)
  3 lemures (D:4)
  6 two-headed ogre simulacra (IceCv)
  2 cane toad simulacra (IceCv)
  A wight (D:8)
  4 killer bees (D:9)
  An orc priest (D:8)
  A spriggan simulacrum (IceCv)
  2 orc wizards (D:8)
  2 troll simulacra (IceCv)
  A polar bear simulacrum (IceCv)
  5 small abominations (Abyss:3)
  A wolf simulacrum (IceCv)
  5 gnolls
  5 naga simulacra (IceCv)
  2 river rats (D:4)
  4 orcs
  A goblin (D:4)
  3 briar patches (Swamp:4)
  A bush (Lair:5)
  6 foxfires
  37 fungi
  2 lurking horrors (Abyss:2)
  146 plants
  58 snaplasher vines
  2 spectral weapons
  29 starspawn tentacles
  A withered plant (Gauntlet)
410 creatures vanquished.

Grand Total: 3541 creatures vanquished

Notes
Turn   | Place    | Note
-------+----------+-------------------------------------------
     0 | D:1      | cforsyth the Demigod Summoner began the quest for the Orb.
     0 | D:1      | Reached XP level 1. HP: 14/14 MP: 5/5
   621 | D:1      | Reached XP level 2. HP: 13/20 MP: 4/7
  1150 | D:2      | Reached skill level 4 in Summonings
  1166 | D:2      | Learned a level 2 spell: Call Imp
  1400 | D:2      | Noticed Natasha
  1469 | D:3      | Reached XP level 3. HP: 21/26 MP: 4/9
  1473 | D:3      | Learned a level 3 spell: Call Canine Familiar
  1844 | D:2      | Noticed Sigmund
  1858 | D:2      | Killed Sigmund
  1859 | D:2      | Reached skill level 5 in Summonings
  1859 | D:2      | Reached XP level 4. HP: 33/33 MP: 9/12
  1859 | D:2      | Reached XP level 5. HP: 38/38 MP: 9/13
  1869 | D:2      | Learned a level 3 spell: Summon Guardian Golem
  1899 | D:2      | Noticed Jessica
  1910 | D:2      | Killed Jessica
  2136 | D:2      | Killed Natasha
  2344 | D:2      | Noticed Natasha
  2351 | D:2      | Killed Natasha
  2637 | D:2      | Noticed Natasha
  2645 | D:2      | Killed Natasha
  3493 | D:3      | Reached XP level 6. HP: 45/45 MP: 7/15
  3599 | D:3      | Noticed Ijyb
  3607 | D:3      | Killed Ijyb
  4048 | D:4      | Noticed Pikel
  4059 | D:4      | Killed Pikel
  4060 | D:4      | Reached skill level 5 in Spellcasting
  4060 | D:4      | Reached skill level 6 in Summonings
  4060 | D:4      | Reached XP level 7. HP: 47/50 MP: 11/18
  4319 | D:4      | Noticed Grinder
  4335 | D:4      | Killed Grinder
  4336 | D:4      | Reached skill level 7 in Summonings
  4674 | D:4      | Found the +10 tower shield of Ignorance {rN+ Int-4}
  4749 | D:4      | Noticed Pargi
  4761 | D:4      | Killed Pargi
  4924 | D:4      | Reached XP level 8. HP: 57/57 MP: 20/20
  5081 | D:5      | Entered Level 5 of the Dungeon
  5295 | D:5      | Reached skill level 8 in Summonings
  5400 | D:5      | Learned a level 4 spell: Summon Lightning Spire
  5655 | D:5      | Identified the +7 mace "Beetlebane" {spect, rElec rPois
                  | Str+3}
  6161 | D:5      | Found a staircase to the Ecumenical Temple.
  6251 | D:5      | Reached XP level 9. HP: 62/62 MP: 14/24
  6337 | D:6      | Reached skill level 9 in Summonings
  6475 | D:6      | Found a glowing drain.
  6492 | Sewer    | Entered a sewer
  7107 | D:6      | Reached skill level 1 in Shields
  7899 | D:7      | Noticed Duvessa
  7904 | D:7      | Noticed Dowan
  7908 | D:7      | Killed Duvessa
  7923 | D:7      | Killed Dowan
  8373 | D:7      | Reached skill level 10 in Summonings
  9118 | D:7      | Reached XP level 10. HP: 69/69 MP: 17/27
  9638 | D:8      | Identified the +3 dagger "Naush" {drain, *Rage rElec rPois
                  | rF+}
  9665 | D:8      | Noticed Maurice
  9684 | D:8      | Killed Maurice
 10446 | D:8      | Found Ajyjaraw's Distillery.
 10456 | D:8      | Bought a potion of heal wounds for 70 gold pieces
 10691 | D:9      | Reached skill level 5 in Shields
 11889 | D:10     | Entered Level 10 of the Dungeon
 11897 | D:10     | Noticed a two-headed ogre
 11907 | D:10     | Reached skill level 11 in Summonings
 11908 | D:10     | Killed a two-headed ogre
 11962 | D:10     | Found a flagged portal.
 11975 | Bailey   | Entered a bailey
 12098 | Bailey   | Noticed an orc knight
 12126 | Bailey   | Killed an orc knight
 12127 | Bailey   | Reached XP level 11. HP: 74/74 MP: 22/29
 12290 | Bailey   | Reached skill level 10 in Spellcasting
 12437 | Bailey   | Noticed an orc warlord
 12448 | Bailey   | Killed an orc warlord
 13080 | D:10     | Noticed a two-headed ogre
 13093 | D:10     | Killed a two-headed ogre
 13506 | D:10     | Found Caxt's Book Shop.
 13519 | D:10     | Bought a book of the Wilderness for 456 gold pieces
 13526 | D:10     | Learned a level 6 spell: Summon Cactus Giant
 13629 | D:10     | Found a staircase to the Lair.
 13645 | D:10     | Noticed a nameless horror
 13660 | D:10     | Noticed Urug
 14046 | D:11     | Learned a level 5 spell: Summon Forest
 14052 | D:11     | Learned a level 5 spell: Summon Mana Viper
 14080 | D:11     | Found a frozen archway.
 14089 | IceCv    | Entered an ice cave
 14852 | IceCv    | Reached skill level 12 in Summonings
 15147 | IceCv    | Noticed a bog body
 15148 | IceCv    | Noticed a bog body
 15157 | IceCv    | Killed a bog body
 15162 | IceCv    | Killed a bog body
 16231 | D:11     | Found a runed translucent gate.
 16231 | D:11     | Found a runed translucent gate.
 16231 | D:11     | Found a runed translucent gate.
 16232 | D:11     | Noticed Rudyous's ghost (journeyman DsFE)
 16348 | D:11     | You are sucked into a shaft and drop 2 floors!
 16350 | D:13     | Noticed a two-headed ogre
 16359 | D:13     | Killed a two-headed ogre
 16370 | D:13     | Reached XP level 12. HP: 81/81 MP: 21/31
 16370 | D:13     | Noticed a centaur warrior
 16376 | D:13     | Killed a centaur warrior
 16677 | D:12     | Found Qost's Weapon Shop.
 16862 | D:12     | Reached skill level 13 in Summonings
 16962 | D:12     | Reached skill level 1 in Translocations
 16967 | D:12     | Reached skill level 1 in Fighting
 16967 | D:12     | Reached skill level 1 in Hexes
 17355 | D:12     | Found Wuvaroj's Antique Weapon Boutique.
 17355 | D:12     | Found a staircase to the Orcish Mines.
 18801 | D:11     | Killed Rudyous's ghost
 19048 | D:10     | Killed Urug
 19530 | Lair:1   | Entered Level 1 of the Lair of Beasts
 20250 | Lair:1   | Reached skill level 10 in Shields
 20250 | Lair:1   | Reached XP level 13. HP: 94/94 MP: 21/32
 20316 | Lair:1   | Noticed Maggie
 20326 | Lair:1   | Killed Maggie
 21909 | Lair:2   | Identified the +0 scale mail of Ubyetu Leiqo {Int+2}
 22205 | Lair:2   | Reached skill level 5 in Dodging
 22666 | Lair:3   | Identified the +0 broad axe "Feapusmu" {freeze, rC+ Dex+3}
 23247 | Lair:3   | Reached skill level 5 in Fighting
 23288 | Lair:3   | Found a staircase to the Snake Pit.
 23493 | Lair:3   | Found a staircase to the Swamp.
 23510 | Lair:3   | Reached skill level 14 in Summonings
 25558 | Lair:5   | Entered Level 5 of the Lair of Beasts
 25663 | Lair:5   | Reached XP level 14. HP: 111/111 MP: 16/33
 25676 | Lair:5   | Found a gate leading to a gauntlet.
 25685 | Gauntlet | Entered a Gauntlet
 25685 | Gauntlet | Found a transporter.
 25685 | Gauntlet | Found a transporter.
 25748 | Gauntlet | Found a transporter.
 25764 | Gauntlet | Found a transporter.
 25764 | Gauntlet | Found a transporter.
 25764 | Gauntlet | Found a transporter.
 25766 | Gauntlet | Found a transporter.
 25766 | Gauntlet | Found a transporter.
 25768 | Gauntlet | Noticed a cacodemon
 25771 | Gauntlet | Found a runed translucent door.
 25771 | Gauntlet | Found a runed translucent door.
 25778 | Gauntlet | Found a transporter.
 25794 | Gauntlet | Found a transporter.
 25804 | Gauntlet | Found a transporter.
 25818 | Gauntlet | Found a transporter.
 25855 | Gauntlet | Found a transporter.
 25909 | Gauntlet | Found a transporter.
 26120 | Gauntlet | Identified the +0 pair of gloves of Failure {Dex+3}
 26243 | Gauntlet | Identified the +0 pair of gloves of Ru's Inspiration
                  | {Dex+3}
 26438 | Gauntlet | Identified the +0 leather armour "Rolyatei" {Str+2 Int+2
                  | Stlth+}
 27148 | Lair:5   | Found a staircase to the Slime Pits.
 27246 | Lair:5   | Reached skill level 15 in Summonings
 29223 | Lair:5   | Got the Elucidation of the Displaced Gang
 29497 | Orc:1    | Entered Level 1 of the Orcish Mines
 29763 | Orc:1    | Found Liopriosm's Book Boutique.
 30416 | Orc:1    | Paralysed by an orc sorcerer for 3 turns
 31453 | Orc:1    | Noticed an orc warlord
 31461 | Orc:1    | Killed an orc warlord
 31581 | Orc:2    | Entered Level 2 of the Orcish Mines
 32091 | Orc:2    | Found Niwydul's Magic Scroll Boutique.
 32138 | Orc:2    | Found a staircase to the Elven Halls.
 32271 | Orc:2    | Found Hish's Antique Weapon Emporium.
 32630 | Orc:2    | Reached XP level 15. HP: 123/124 MP: 19/35
 33364 | Orc:2    | Found Syeppus's Antique Armour Shop.
 33366 | Orc:2    | Found Keofid's Antique Weapon Boutique.
 34000 | D:13     | Identified the +7 dagger "Angosuhi" {drain, Fragile Fly
                  | Will+ rCorr}
 34239 | D:13     | Acquired 340 gold pieces
 34251 | D:13     | Acquired the +2 helmet of Serendipity {rN+ Str+8 Slay-5}
 34277 | D:13     | Learned a level 7 spell: Summon Hydra
 34290 | D:14     | Noticed Agnes
 34297 | D:14     | Killed Agnes
 34804 | D:13     | Reached skill level 10 in Dodging
 34832 | D:14     | Noticed Kirke
 35086 | D:13     | Killed Kirke
 35087 | D:13     | Reached skill level 16 in Summonings
 35887 | D:14     | Reached skill level 10 in Fighting
 36038 | D:14     | Found a runed translucent gate.
 36038 | D:14     | Found a runed translucent gate.
 36038 | D:14     | Found a runed translucent gate.
 36040 | D:14     | Noticed an azure jelly
 36041 | D:14     | Noticed grumposus's ghost (adept KoAr)
 36042 | D:14     | Noticed an azure jelly
 36042 | D:14     | Noticed a rockslime
 36340 | D:14     | Found a gate to the Vaults.
 37186 | D:15     | Entered Level 15 of the Dungeon
 38879 | D:15     | Found a staircase to the Depths.
 39410 | Snake:1  | Entered Level 1 of the Snake Pit
 39648 | Snake:1  | Identified the +2 long sword of the Dungeon {elec, rPois
                  | rN+}
 39862 | Snake:1  | Found Ylue's Jewellery Emporium.
 39914 | Snake:1  | Found Ibes's Armour Emporium.
 40007 | Snake:1  | Noticed Aizul
 40019 | Snake:1  | Killed Aizul
 40768 | Snake:1  | Reached XP level 16. HP: 137/137 MP: 20/36
 40871 | Snake:1  | You fall into a shaft and drop 1 floor!
 40877 | Snake:2  | Reached skill level 17 in Summonings
 44039 | Snake:3  | Noticed Azrael
 44056 | Snake:3  | Killed Azrael
 44490 | Snake:3  | Reached skill level 18 in Summonings
 44896 | Snake:3  | Found Ufeguff's Self-Improvement Boutique.
 45058 | Snake:3  | Bought a manual of Dodging for 880 gold pieces
 45375 | Snake:4  | Entered Level 4 of the Snake Pit
 47036 | Snake:4  | Reached XP level 17. HP: 144/144 MP: 25/39
 47046 | Snake:4  | Noticed Bai Suzhen
 47315 | Swamp:1  | Entered Level 1 of the Swamp
 49388 | Swamp:2  | Reached skill level 19 in Summonings
 50448 | Swamp:3  | Reached skill level 15 in Dodging
 50687 | Swamp:3  | Noticed Donald
 50693 | Swamp:3  | Killed Donald
 50969 | Swamp:3  | Identified the +1 pair of gloves "Xowk" {rF+ rC+ rN+}
 50969 | Swamp:3  | Noticed Nikola
 50990 | Swamp:3  | Killed Nikola
 51117 | Swamp:3  | Noticed Mlioglotl
 51131 | Swamp:3  | Killed Mlioglotl
 51244 | Swamp:4  | Entered Level 4 of the Swamp
 52382 | Swamp:4  | Got a decaying rune of Zot
 53470 | Snake:4  | Reached skill level 20 in Summonings
 53809 | Snake:4  | Reached XP level 18. HP: 151/151 MP: 15/40
 53811 | Snake:4  | Killed Bai Suzhen
 53968 | Snake:4  | Got a serpentine rune of Zot
 54396 | Vaults:1 | Entered Level 1 of the Vaults
 55685 | Vaults:1 | You fall into a shaft and drop 1 floor!
 56176 | Vaults:2 | Paralysed by a great orb of eyes for 2 turns
 56813 | Vaults:2 | Reached skill level 21 in Summonings
 59240 | Vaults:3 | Found a staircase to the Crypt.
 59275 | Vaults:3 | Noticed a bone dragon
 59289 | Vaults:3 | Killed a bone dragon
 59570 | Vaults:3 | Reached skill level 22 in Summonings
 59571 | Vaults:3 | Reached XP level 19. HP: 157/157 MP: 15/41
 61107 | Vaults:3 | Reached skill level 23 in Summonings
 63190 | Vaults:4 | Reached skill level 24 in Summonings
 63536 | D:10     | Bought a book of the Dragon for 552 gold pieces
 63547 | D:10     | Learned a level 9 spell: Dragon's Call
 64758 | Vaults:4 | Found Roongen's Book Boutique.
 65809 | Elf:1    | Entered Level 1 of the Elven Halls
 65814 | Elf:1    | Reached XP level 20. HP: 157/165 MP: 26/42
 66212 | Elf:1    | Got Atzanorudgh's Elucidation of Battle Magic and the Band
 66452 | Elf:1    | Found a portal to a secret trove of treasure.
 67293 | Elf:2    | Found Fypsaa's Jewellery Shop.
 67460 | Elf:2    | Reached skill level 25 in Summonings
 67477 | Elf:2    | Found a runed translucent gate.
 67477 | Elf:2    | Found a runed translucent gate.
 67477 | Elf:2    | Found a runed translucent gate.
 68808 | Elf:3    | Entered Level 3 of the Elven Halls
 68810 | Elf:3    | Found Jeofut's Weapon Shop.
 68828 | Elf:3    | Paralysed by an air elemental for 1 turns
 68884 | Elf:3    | Found a magical portal.
 68933 | WizLab   | Entered The Hall of the Hellbinder
 69507 | WizLab   | Noticed Gyam
 69518 | WizLab   | Killed Gyam the Hellbinder
 69532 | WizLab   | Got Sif Muna's Treatise on the Escort
 69545 | WizLab   | Acquired 760 gold pieces
 69578 | WizLab   | Identified the +1 cloak "Oggucwek" {Str-2 Int+8 SInv}
 69579 | WizLab   | Identified the +10 dagger "Wupn" {holy, Fragile Will+
                  | Int+3}
 69677 | Elf:3    | Noticed Zenata
 69686 | Elf:3    | Reached skill level 26 in Summonings
 69984 | Elf:3    | Found Wypligh's Jewellery Shoppe.
 69985 | Elf:3    | Found Ulia's Book Boutique.
 69985 | Elf:3    | Found Zekosion's Book Boutique.
 69999 | Elf:3    | Bought a manual of Shields for 1280 gold pieces
 70478 | Elf:3    | Killed Zenata
 71161 | Elf:3    | Gained mutation: You do not regenerate when monsters are
                  | visible. [a cacodemon]
 72043 | Elf:3    | Identified the amulet "Buath" {RegenMP Regen+ Slay+3}
 72045 | Elf:3    | Identified the amulet "Vaweodel" {Reflect rC+ Will+ rCorr
                  | SH+5}
 72131 | Elf:3    | Identified the +3 whip "Riwyttia" {pain, *Corrode rPois rN+
                  | Str+10}
 72599 | Elf:3    | Identified the +4 great mace of the Undead {freeze, rC++
                  | Str+4}
 72685 | Elf:3    | Got Ehora's Compendium of Envenoming
 72701 | Elf:3    | Found the +6 lightning scales {swift, rElec}
 72708 | Elf:3    | Identified the staff of air "Xuoniapp" {Contam *Corrode
                  | rElec rPois rF+++}
 72995 | Elf:1    | Lost mutation: You do not regenerate when monsters are
                  | visible. [potion of mutation]
 72995 | Elf:1    | Gained mutation: You are partially covered in large bone
                  | plates. (SH +4) [potion of mutation]
 72995 | Elf:1    | Gained mutation: You possess an exceptional clarity of
                  | mind. [potion of mutation]
 73254 | Vaults:5 | Entered Level 5 of the Vaults
 73607 | Vaults:4 | Reached XP level 21. HP: 132/171 MP: 8/43
 74102 | Vaults:4 | Reached skill level 27 in Summonings
 75585 | Vaults:5 | Noticed an ancient lich
 75751 | Vaults:4 | Reached skill level 15 in Shields
 76072 | Vaults:5 | Noticed an ancient lich
 76090 | Vaults:5 | Killed an ancient lich
 76105 | Vaults:5 | Identified the staff of fire "Kism" {rF+ rN++ MP+9 Dex+6}
 76167 | Vaults:5 | Found the +7 great mace "Undeadhunter" {deathbane, rN+}
 76223 | Vaults:5 | Identified the +7 spear "Entac" {vamp, Will++}
 76261 | Vaults:5 | Identified the amulet "Xilo" {Regen+ Int+3 SInv}
 76283 | Vaults:5 | Killed an ancient lich
 76284 | Vaults:5 | Reached skill level 15 in Spellcasting
 77040 | Vaults:5 | Noticed a dread lich
 77051 | Vaults:5 | Killed a dread lich
 77223 | Vaults:5 | Identified the ring of Gecya {rF+ Str+3 Int+6}
 77568 | Vaults:5 | Got a silver rune of Zot
 77580 | Vaults:5 | Identified the +5 chain mail "Favofod" {Rampage rElec
                  | Str+4}
 77806 | Vaults:5 | Got the Almanac of the Exothermic Maleficium
 78030 | Vaults:5 | Found Vesk's Magic Scroll Shoppe.
 78037 | Vaults:5 | Bought a scroll of blinking for 135 gold pieces
 78037 | Vaults:5 | Bought a scroll of teleportation for 54 gold pieces
 78474 | D:14     | Killed grumposus's ghost
 78843 | Slime:1  | Entered Level 1 of the Pits of Slime
 78851 | Slime:1  | Reached XP level 22. HP: 179/179 MP: 23/48
 82268 | Slime:5  | Entered Level 5 of the Pits of Slime
 82373 | Slime:5  | Noticed the Royal Jelly
 82794 | Slime:5  | Killed the Royal Jelly
 83323 | Slime:5  | Got Iqontipp's Meditations on Silt
 83336 | Slime:5  | Identified the +10 flail of Rotation {flame, rCorr}
 83369 | Slime:5  | Got a slimy rune of Zot
 83391 | Slime:5  | Identified the amulet "Ceidoddoma" {Rampage rN+ Regen+}
 83395 | Slime:5  | Identified the ring of Badaodyoff {Fly rElec rF++ Dex-4
                  | Slay+4}
 83405 | Slime:5  | Identified the staff of fire "Hotyuwk" {rF+ Int+2}
 83458 | Slime:5  | Identified the +0 leather armour of the True Pharaoh {rF-
                  | Str+7}
 83974 | Depths:1 | Entered Level 1 of the Depths
 84257 | Depths:1 | Found a gateway to Hell.
 84288 | Depths:1 | Found a one-way gate to the infinite horrors of the Abyss.
 84549 | Depths:1 | You are sucked into a shaft and drop 1 floor!
 85281 | Depths:1 | Found a runed translucent gate.
 85281 | Depths:1 | Found a runed translucent gate.
 85282 | Depths:1 | Found a runed translucent gate.
 85886 | Depths:1 | Found a runed translucent gate.
 85886 | Depths:1 | Found a runed translucent gate.
 85889 | Depths:1 | Found a runed translucent gate.
 85897 | Depths:1 | Noticed Dedet's ghost (veteran GrRe)
 85935 | Depths:1 | Reached XP level 23. HP: 185/185 MP: 32/53
 85937 | Depths:1 | Reached skill level 1 in Armour
 85944 | Depths:1 | Killed Dedet's ghost
 87273 | Depths:1 | Identified the +2 robe of the Known World {rCorr}
 87515 | Depths:1 | Voluntarily entered the Abyss.
 87889 | Depths:1 | Escaped the Abyss
 88199 | Depths:1 | Voluntarily entered the Abyss.
 88510 | Abyss:1  | Gained mutation: You are very frail. (-20% HP) [a neqoxec]
 88724 | Abyss:1  | Gained mutation: You occasionally lose the ability to read
                  | scrolls when taking damage. [a neqoxec]
 88748 | Abyss:1  | Gained mutation: You are vulnerable to heat. (rF-) [a
                  | neqoxec]
 88786 | Abyss:1  | Noticed an ancient lich
 88803 | Abyss:1  | Killed an ancient lich
 88837 | Depths:1 | Escaped the Abyss
 89020 | Depths:1 | Voluntarily entered the Abyss.
 89253 | Abyss:2  | Identified the +0 chain mail of Disguise {rN++ Regen+ Int-5
                  | Slay+5}
 89282 | Abyss:2  | Identified the +2 ring mail of Guintel {rN++ Dex+3}
 89292 | Abyss:2  | Identified the +9 trident "Dinokac" {pain, Int+2 Dex-4
                  | Stlth+}
 89325 | Abyss:2  | Paralysed by accursed screaming for 1 turns
 89472 | Depths:1 | Escaped the Abyss
 89611 | Depths:1 | Voluntarily entered the Abyss.
 89902 | Depths:1 | Escaped the Abyss
 90119 | Depths:1 | Voluntarily entered the Abyss.
 90297 | Abyss:2  | Reached skill level 5 in Armour
 90548 | Abyss:2  | Gained mutation: You are extremely frail. (-30% HP) [a
                  | cacodemon]
 90681 | Depths:1 | Escaped the Abyss
 90690 | Depths:1 | Learned a level 7 spell: Malign Gateway
 90835 | Depths:1 | Voluntarily entered the Abyss.
 91141 | Abyss:3  | Killed a dread lich
 91147 | Depths:1 | Escaped the Abyss
 91290 | Depths:1 | Voluntarily entered the Abyss.
 91544 | Depths:1 | Escaped the Abyss
 91546 | Depths:1 | Voluntarily entered the Abyss.
 92571 | Abyss:3  | Reached XP level 24. HP: 144/160 MP: 53/53
 92584 | Depths:1 | Escaped the Abyss
 92612 | Depths:1 | Voluntarily entered the Abyss.
 92869 | Abyss:5  | Noticed a dread lich
 92893 | Depths:1 | Escaped the Abyss
 93061 | Depths:1 | Voluntarily entered the Abyss.
 93173 | Abyss:5  | Got an abyssal rune of Zot
 93187 | Depths:1 | Escaped the Abyss
 93439 | Elf:1    | You showed the abyssal rune of Zot to enter a treasure
                  | trove
 93440 | Trove    | Entered a treasure trove
 93450 | Trove    | Identified the ring of Dawn {rN+ Str-3 Dex+6 Slay+2}
 93452 | Trove    | Identified the ring "Qauledul" {rCorr SInv}
 93459 | Trove    | Identified the ring "Edisuh" {rPois Will+}
 93684 | Depths:1 | Lost mutation: You are partially covered in large bone
                  | plates. (SH +4) [potion of mutation]
 93684 | Depths:1 | Lost mutation: You possess an exceptional clarity of mind.
                  | [potion of mutation]
 93684 | Depths:1 | Gained mutation: You passively map a small area around you.
                  | [potion of mutation]
 93684 | Depths:1 | Gained mutation: Your flesh is cold resistant. (rC+)
                  | [potion of mutation]
 93684 | Depths:1 | Gained mutation: Your natural rate of healing is unusually
                  | fast. [potion of mutation]
 93685 | Depths:1 | Lost mutation: Your natural rate of healing is unusually
                  | fast. [potion of mutation]
 93685 | Depths:1 | Lost mutation: You occasionally lose the ability to read
                  | scrolls when taking damage. [potion of mutation]
 93685 | Depths:1 | Lost mutation: Your flesh is cold resistant. (rC+) [potion
                  | of mutation]
 93685 | Depths:1 | Gained mutation: You are extremely frail. (-30% HP) [potion
                  | of mutation]
 93685 | Depths:1 | Gained mutation: Your system is resistant to poisons.
                  | (rPois) [potion of mutation]
 93686 | Depths:1 | Lost mutation: You passively map a small area around you.
                  | [potion of mutation]
 93686 | Depths:1 | Lost mutation: You are extremely frail. (-30% HP) [potion
                  | of mutation]
 93686 | Depths:1 | Lost mutation: Your system is resistant to poisons. (rPois)
                  | [potion of mutation]
 93686 | Depths:1 | Gained mutation: Your spells are a little harder to cast,
                  | but a little more powerful. [potion of mutation]
 93686 | Depths:1 | Gained mutation: You do not regenerate when monsters are
                  | visible. [potion of mutation]
 93686 | Depths:1 | Gained mutation: You possess an exceptional clarity of
                  | mind. [potion of mutation]
 93687 | Depths:1 | Lost mutation: You are vulnerable to heat. (rF-) [potion of
                  | mutation]
 93687 | Depths:1 | Lost mutation: You are very frail. (-20% HP) [potion of
                  | mutation]
 93687 | Depths:1 | Lost mutation: You are frail. (-10% HP) [potion of
                  | mutation]
 93687 | Depths:1 | Gained mutation: You have large cloven feet. [potion of
                  | mutation]
 93687 | Depths:1 | Gained mutation: You are partially covered in iridescent
                  | scales. (AC +2) [potion of mutation]
 93688 | Depths:1 | Lost mutation: You have large cloven feet. [potion of
                  | mutation]
 93688 | Depths:1 | Lost mutation: Your spells are a little harder to cast, but
                  | a little more powerful. [potion of mutation]
 93688 | Depths:1 | Gained mutation: Your system is resistant to poisons.
                  | (rPois) [potion of mutation]
 93688 | Depths:1 | Gained mutation: You are occasionally teleported next to
                  | monsters. [potion of mutation]
 93689 | Depths:1 | Lost mutation: Your system is resistant to poisons. (rPois)
                  | [potion of mutation]
 93689 | Depths:1 | Lost mutation: You possess an exceptional clarity of mind.
                  | [potion of mutation]
 93689 | Depths:1 | Gained mutation: Your body sometimes deteriorates upon
                  | taking damage. [potion of mutation]
 93689 | Depths:1 | Gained mutation: You have large cloven feet. [potion of
                  | mutation]
 93690 | Depths:1 | Lost mutation: You have large cloven feet. [potion of
                  | mutation]
 93690 | Depths:1 | Lost mutation: You are occasionally teleported next to
                  | monsters. [potion of mutation]
 93690 | Depths:1 | Gained mutation: You passively map a small area around you.
                  | [potion of mutation]
 93690 | Depths:1 | Gained mutation: You are frail. (-10% HP) [potion of
                  | mutation]
 93691 | Depths:1 | Lost mutation: Your body sometimes deteriorates upon taking
                  | damage. [potion of mutation]
 93691 | Depths:1 | Lost mutation: You are frail. (-10% HP) [potion of
                  | mutation]
 93691 | Depths:1 | Gained mutation: You are mostly covered in iridescent
                  | scales. (AC +4) [potion of mutation]
 93692 | Depths:1 | Lost mutation: You do not regenerate when monsters are
                  | visible. [potion of mutation]
 93692 | Depths:1 | Lost mutation: You passively map a small area around you.
                  | [potion of mutation]
 93692 | Depths:1 | Lost mutation: You are mostly covered in iridescent scales.
                  | (AC +4) [potion of mutation]
 93692 | Depths:1 | Gained mutation: You are weak. (Str -2) [potion of
                  | mutation]
 93692 | Depths:1 | Gained mutation: You occasionally shout uncontrollably at
                  | your foes. [potion of mutation]
 94452 | Depths:2 | Found a one-way gate leading to the halls of Pandemonium.
 94623 | Depths:2 | Identified the +4 war axe of the Cursing Gods {pain, *Noise
                  | rC+ Dex+4}
 95076 | Depths:3 | Noticed the Enchantress
 95091 | Depths:3 | Reached skill level 15 in Fighting
 95103 | Depths:3 | Killed the Enchantress
 96346 | Depths:4 | Entered Level 4 of the Depths
 96506 | Depths:4 | Found a one-way gateway to a ziggurat.
 96852 | Depths:4 | Identified the +6 war axe "Taoxkuvo" {freeze, rC+++ Will+
                  | Int-2}
 97193 | Depths:4 | Found a gate to the Realm of Zot.
 97633 | Crypt:1  | Entered Level 1 of the Crypt
 97653 | Crypt:1  | Reached XP level 25. HP: 218/218 MP: 40/53
 97659 | Crypt:1  | Noticed Grunn
 97673 | Crypt:1  | Killed Grunn
 98491 | Crypt:1  | Identified the +0 shadow dragon scales of the Dwarven Hall
                  | {rElec Str+2 Stlth++++}
 99538 | Crypt:2  | Noticed Vv
 99554 | Crypt:2  | Killed Vv
 99559 | Crypt:2  | Noticed a royal mummy
 99564 | Crypt:2  | Noticed Khufu
 99565 | Crypt:2  | Killed a royal mummy
 99572 | Crypt:2  | Noticed a royal mummy
 99573 | Crypt:2  | Killed Khufu
 99577 | Crypt:2  | Killed a royal mummy
 99861 | Crypt:2  | Noticed Waukhla's ghost (veteran KoBr)
 99864 | Crypt:2  | Found a runed translucent door.
100435 | Crypt:2  | Killed Waukhla's ghost
100494 | Crypt:3  | Entered Level 3 of the Crypt
100928 | Crypt:3  | Found a staircase to the Tomb.
101499 | Crypt:3  | Identified the amulet "Penwou" {Acrobat rElec}
101616 | Crypt:3  | Noticed an ancient lich
101621 | Crypt:3  | Killed an ancient lich
103510 | Zot:1    | Entered Level 1 of the Realm of Zot
103887 | Zot:1    | Reached XP level 26. HP: 198/232 MP: 38/53
104019 | Zot:1    | Found the +4 dragonskin cloak
104019 | Zot:1    | Noticed Tiamat
104046 | Zot:1    | Killed Tiamat
105676 | Zot:2    | Reached skill level 10 in Armour
106823 | Zot:3    | Noticed an ancient lich
106833 | Zot:3    | Killed an ancient lich
108545 | Zot:5    | Entered Level 5 of the Realm of Zot
109100 | Zot:5    | Noticed a dread lich
109107 | Zot:5    | Killed a dread lich
109718 | Zot:5    | Noticed an orb of fire
109730 | Zot:5    | Killed an orb of fire
109905 | Zot:5    | Noticed an orb of fire
109907 | Zot:5    | Reached XP level 27. HP: 245/245 MP: 44/53
109910 | Zot:5    | Killed an orb of fire
109922 | Zot:5    | Noticed a dread lich
109929 | Zot:5    | Killed a dread lich
109985 | Zot:5    | Paralysed by a Zot trap for 3 turns
109987 | Zot:5    | Noticed an orb of fire
109989 | Zot:5    | Noticed an orb of fire
110015 | Zot:5    | Killed an orb of fire
110025 | Zot:5    | Killed an orb of fire
110163 | Zot:5    | Noticed an orb of fire
110171 | Zot:5    | Noticed an orb of fire
110172 | Zot:5    | Killed an orb of fire
110180 | Zot:5    | Killed an orb of fire
110845 | Zot:5    | Got the Orb of Zot
111468 | D:$      | Escaped with the Orb!

Illustrated notes

Levels and vault maps discovered:
D:1:      eino_arrival_water_star, layout_basic, kennysheep_boxes
D:2:      minmay_diamond_boxcup, layout_loops_ring,
          ebering_ecumenical_altar_rust, minmay_misc_feat_room, uniq_natasha,
          uniq_sigmund, uniq_jessica
D:3:      layout_rooms, dk_vineyard_1, uniq_ijyb
D:4:      layout_basic, dk_rats_in_the_wall, uniq_pargi, uniq_grinder,
          uniq_pikel
D:5:      minmay_skewed_foursquare, layout_loops_ring, temple_fountains
D:6:      layout_basic, kennysheep_mini_moat, portal_sewer_entry_d
D:7:      wad_woods_tower, layout_layer_cave, uniq_duvessa
D:8:      layout_gridville, serial_shops, shop, uniq_maurice
D:9:      layout_roguey
D:10:     layout_basic, nicolae_overflow_quartered_altars,
          hellmonk_lair_entry_icy, serial_shops, shop, enter_bailey_3, uniq_urug
D:11:     layout_irregular_city, portal_ice_cave_entry_pillars_1,
          serial_column_ruins, column_ruins_square_large, column_ruins_grid_1,
          column_ruins_columns_straight, column_ruins_open_tiny,
          column_ruins_open_medium, column_ruins_open_tiny_water,
          column_ruins_grid_3, gammafunk_ghost_necromancy
D:12:     layout_roguey, minmay_orc_entry_guard_dogs, serial_shops,
          nicolae_stop_n_shop_2, nicolae_shop_window_shopping,
          hangedman_weighted_door
D:13:     layout_rooms, chequers_serial_rivers_small_3
D:14:     layout_cave_pools, hangedman_vaults_entry_quadrant_bands,
          gammafunk_ghost_ooze, st_stairs_14, uniq_agnes, uniq_kirke
D:15:     hangedman_depths_entry_try_elsewhere_first, layout_basic,
          fedhas_altar_4, grunt_decor_one_mirror, hangedman_parallel_progression
Lair:1:   layout_regular_city, uniq_maggie
Lair:2:   kb_forest_paths, layout_chaotic_city, basic_altar
Lair:3:   dragon1_lemuel, layout_long_grid, nicolae_swamp_entry_splash_gauntlet,
          minmay_snake_entry_guardpost_medium
Lair:4:   layout_cellular_growth
Lair:5:   evilmike_catoblepas_cave, layout_cave_pods,
          nicolae_slime_entry_slimehenge, gauntlet_entry_generic
Swamp:1:  layout_basic_swamp, nicolae_swamp_well_well_well, swamp_pool1
Swamp:2:  layout_falls_marsh, nicolae_swamp_fairy_circle, swamp_pool1
Swamp:3:  nicolae_swamp_husk_halls, layout_falls_marsh,
          evilmike_swamp_ruin_rubble_2, uniq_mlioglotl, uniq_donald, uniq_nikola
Swamp:4:  swamp, layout_basic_swamp
Snake:1:  layout_grid_maze, minmay_shop_star, uniq_aizul
Snake:2:  layout_basic
Snake:3:  layout_basic, special_room, st_stairs_14, nicolae_shop_self_help,
          uniq_azrael
Snake:4:  snake_pit, layout_misc_corridors, serial_bayou_shore_a,
          nicolae_triple_integral, uniq_bai_suzhen
Slime:1:  layout_caves
Slime:2:  layout_caves
Slime:3:  layout_caves
Slime:4:  layout_caves
Slime:5
Orc:1:    layout_caves, serial_shops, shop, elf_legates
Orc:2:    grunt_orc_community_town_hall, layout_caves,
          grunt_orc_community_big_house_1, grunt_orc_community_big_house_2,
          grunt_orc_community_house_3, grunt_orc_community_house_2,
          grunt_orc_community_house_1, grunt_orc_community_house_1,
          grunt_orc_community_house_2, mines1_david
Elf:1:    minmay_elf_arrival_summoners, layout_gridlike,
          nicolae_trove_entry_isolated, minmay_elf_sorcery, grunt_ministairs_1,
          nicolae_elf_big_sculpture_1, lemuel_upstairs_altar
Elf:2:    elven_hall_of_blades_hangedman_original [nicolae_blade_bullseye],
          layout_geoelf_octagon, serial_shops, nicolae_shop_gaudy_bauble,
          minmay_misc_feat_alley
Elf:3:    elf_hall, layout_gridlike, mu_enter_wizlab_1, serial_shops,
          nicolae_shop_crystal, st_stairs_13, minmay_shop_grove, uniq_zenata
Vaults:1: gammafunk_ghost_spectres, nicolae_vaults_sightless_eye,
          nicolae_vaults_meeting, nicolae_vaults_six-pack, v_misc_1,
          nicolae_vaults_little_squares_6, v_misc_5,
          nicolae_vaults_closet_pinwheel_1, nicolae_vaults_circle_grid_b,
          nicolae_vaults_tetromino_Z_1, vaults_dpeg_emergency_exit,
          layout_vaults_maze_snakey
Vaults:2: hangedman_vaults_nodes, vaults_room_stairs_pillars,
          nicolae_vaults_sealed_display, v_rooms_6, st_squares,
          nicolae_vaults_network_quinsquares
          [nicolae_vaults_network_quincunx_subvault,
          nicolae_vaults_network_quincunx_subvault,
          nicolae_vaults_network_quincunx_subvault,
          nicolae_vaults_network_quincunx_subvault], v_misc_24,
          nicolae_vaults_trapezoid_lopsided_3, nicolae_vaults_closet_pinwheel_1,
          nicolae_vaults_variable_pillar_hall, nicolae_vaults_yaktaur_gun_rack,
          layout_vaults_omnicross
Vaults:3: nicolae_vaults_turnstiles, nicolae_vaults_trapezoid_lopsided_1,
          ontoclasm_vaults_misaligned, dpeg_vaults_pockets_of_resistance,
          nicolae_vaults_diamond_1, v_misc_4, minmay_crypt_entry_nasty_monster,
          v_pattern_1, nicolae_vaults_door_testing_chamber,
          nicolae_vaults_heart-shaped_vault, vaults_room_fancy_cross,
          vaults_room_fours, nicolae_vaults_trapezoid_lopsided_1,
          layout_vaults_quadrants
Vaults:4: ontoclasm_vaults_ring_small, nicolae_vaults_mitosis,
          nicolae_vaults_ellipses_ellipsis, nicolae_vaults_storage_closets_2,
          v_pattern_4, nicolae_vaults_wrenched, nicolae_vaults_big_ls,
          nicolae_vaults_tetromino_L_2, layout_vaults_chaotic_city,
          serial_shops, shop
Vaults:5
Crypt:1:  lemuel_vampire_tower, layout_basic, uniq_grunn
Crypt:2:  layout_rooms, hellmonk_ghost_happy_afterlife, uniq_vv, uniq_khufu
Crypt:3:  church_of_pain_bobbens, layout_chaotic_city, basic_altar
Depths:1: layout_roguey [special_room_mythical_zoo],
          ploomutoo_gammafunk_ghost_potion_laboratory,
          grunt_hell_entry_dis_grunt, abyss_entry_flame_altar, nicolae_titane,
          lemuel_flame_loot_1
Depths:2: minmay_bubble_buster, layout_basic, pan_entry, abyss_entry,
          chequers_serial_rivers_small_3, hell_entry, st_stairs_13,
          minmay_metal_thing, infiniplex_staircase_hallway_doors
Depths:3: minmay_quantized_circle, layout_basic, abyss_entry, hell_entry,
          uniq_enchantress
Depths:4: evilmike_zot_entry_diamond, layout_twisted_cross, enter_ziggurat_a,
          pan_entry, hangedman_geh_valley, uniq_margery
Zot:1:    layout_misc_corridors, uniq_tiamat
Zot:2:    layout_gridlike, zot_minivault_3
Zot:3:    layout_misc_corridors, lemuel_lich_library
Zot:4:    layout_basic, grunt_megastairs_3, lemuel_elevator
Zot:5:    layout_cathedral_of_symmetry

Skill      XL: |  1  2  3  4  5  6  7  8  9 10 11 12 13 14 15 16 17 18 19 20 21 22 23 24 25 26 27 |
---------------+----------------------------------------------------------------------------------+-----
Spellcasting   | 2 3 4 5 6 7 8 9 11 13 16 20 | 20.0
Summonings     | 4 5 6 7 8 10 11 12 13 14 15 16 18 20 22 24 26 27 | 27.0
Shields        | 3 6 8 10 12 14 16 18 19 20 21 | 21.3
Dodging        | 3 6 9 11 12 16 17 20 21 22 23 | 23.0
Translocations | 3 4 |  4.0
Fighting       | 3 6 9 11 13 16 18 19 20 | 20.2
Hexes          | 3 4 |  4.0
Armour         | 5 9 10 | 10.0
Stealth        | |  1.7

Action                     |  1- 3 |  4- 6 |  7- 9 | 10-12 | 13-15 | 16-18 | 19-21 | 22-24 | 25-27 || total
---------------------------+-------+-------+-------+-------+-------+-------+-------+-------+-------++-------
  Melee: Unarmed           |    22 |       |       |       |       |       |       |       |       ||    22
         Staff             |    66 |     1 |       |       |       |       |       |   112 |    68 ||   247
         Punch             |     1 |       |       |       |       |       |       |       |       ||     1
         Mace              |       |       |    10 |    13 |    34 |    53 |    46 |       |       ||   156
   Cast: Summon Small Mamm |    45 |    19 |    38 |    46 |     2 |       |     2 |       |       ||   152
         Call Imp          |     8 |     9 |    29 |    41 |     5 |     1 |     2 |     3 |     2 ||   100
         Call Canine Famil |     2 |    11 |    34 |    58 |    34 |    30 |    13 |     7 |     4 ||   193
         Summon Guardian G |       |     1 |    30 |   101 |    45 |    34 |    10 |     1 |     1 ||   223
         Summon Lightning  |       |       |    20 |    57 |    45 |    23 |     9 |       |     1 ||   155
         Summon Cactus Gia |       |       |       |    24 |   169 |   193 |   121 |    96 |    60 ||   663
         Summon Mana Viper |       |       |       |     4 |   147 |   184 |   106 |    74 |    63 ||   578
         Summon Forest     |       |       |       |     3 |    85 |    92 |    62 |    21 |    20 ||   283
         Summon Hydra      |       |       |       |       |     2 |    23 |    19 |    11 |    12 ||    67
         Dragon's Call     |       |       |       |       |       |       |    40 |    93 |    76 ||   209
         Malign Gateway    |       |       |       |       |       |       |       |       |    10 ||    10
  Evoke: Wand              |       |       |       |       |       |     1 |       |       |     1 ||     2
    Use: Scroll            |       |       |     9 |     8 |     6 |     7 |    12 |     3 |     5 ||    50
         Potion            |       |       |     1 |       |     1 |     3 |    14 |    10 |     7 ||    36
   Stab: Sleeping          |     1 |       |       |       |       |       |     1 |       |       ||     2
         Distracted        |       |       |       |       |     1 |       |     4 |     7 |     4 ||    16
         Paralysed         |       |       |       |       |       |       |       |     1 |       ||     1
 Armour: Robe              |    26 |    10 |    18 |    23 |    37 |    62 |    62 |       |       ||   238
         Chain mail        |       |       |       |       |       |       |     1 |   187 |   145 ||   333
  Dodge: Dodged            |    97 |     9 |    43 |    70 |   105 |   165 |   154 |   237 |   158 ||  1038
  Block: Kite shield       |       |       |       |    47 |   246 |   309 |   351 |   514 |   127 ||  1594
         Reflection        |       |       |       |       |    25 |    46 |    72 |     3 |       ||   146
         Tower shield      |       |       |       |       |       |       |       |       |   179 ||   179

Table legend: (Time is in decaauts)
 A = Elapsed time spent in this place.
 B = Non-inter-level travel time spent in this place.
 C = Inter-level travel time spent in this place.
 D = Time resting spent in this place.
 E = Time spent auto-exploring this place.
 F = Levels seen in this place.
 G = Mean time per level.
                   A        B        C        D        E       F      G
               +--------+--------+--------+--------+--------+-----+--------+
         Total | 112048 | 105361 |   6687 |  21893 |  62131 |  75 | 1494.0 |
       Dungeon |  25276 |  22569 |   2707 |   3511 |  14993 |  15 | 1685.1 |
          Lair |   9516 |   8806 |    710 |    233 |   7385 |   5 | 1903.2 |
         Swamp |   6164 |   6045 |    119 |   1336 |   3644 |   4 | 1541.0 |
     Snake Pit |   8899 |   8493 |    406 |    500 |   6511 |   4 | 2224.8 |
    Slime Pits |   4881 |   4702 |    179 |   1880 |   1976 |   5 |  976.2 |
  Orcish Mines |   3552 |   3334 |    218 |    252 |   2519 |   2 | 1776.0 |
   Elven Halls |   6670 |   6248 |    422 |   1207 |   3727 |   3 | 2223.3 |
        Vaults |  17105 |  16120 |    985 |   4931 |   8243 |   5 | 3421.0 |
         Crypt |   4499 |   4346 |    153 |   1163 |   1953 |   3 | 1499.7 |
        Depths |   9562 |   8973 |    589 |   3429 |   4316 |   4 | 2390.5 |
           Zot |   7032 |   6837 |    195 |   1329 |   3948 |   5 | 1406.4 |
         Abyss |   4350 |   4350 |      0 |    754 |   1505 |  14 |  310.7 |
         Trove |     52 |     52 |      0 |      0 |      2 |   1 |   52.0 |
         Sewer |    188 |    188 |      0 |      0 |    145 |   1 |  188.0 |
        Bailey |    962 |    962 |      0 |     83 |    506 |   1 |  962.0 |
      Ice Cave |   1811 |   1811 |      0 |    935 |    353 |   1 | 1811.0 |
        Wizlab |    719 |    719 |      0 |    213 |    204 |   1 |  719.0 |
      Gauntlet |    801 |    801 |      0 |    137 |    201 |   1 |  801.0 |
               +--------+--------+--------+--------+--------+-----+--------+

Top non-repeatable levels by time:
Vaults:4: 5647 daAuts
Depths:1: 5229 daAuts
Vaults:2: 4223 daAuts
Vaults:3: 3553 daAuts
  Lair:5: 3020 daAuts
   Elf:3: 2714 daAuts
 Snake:3: 2658 daAuts
    D:12: 2602 daAuts
    D:13: 2410 daAuts
 Snake:2: 2410 daAuts
   Elf:2: 2384 daAuts
    D:15: 2359 daAuts
Vaults:5: 2330 daAuts
   Zot:5: 2251 daAuts
 Crypt:3: 2067 daAuts
